 Dungeon Crawl Stone Soup version 0.23-a0-639-ga9a3373 (webtiles) character file.

75 Matador8 the Charmwright (level 4, -2/36 HPs)
             Began as a Draconian Skald on Dec 29, 2018.
             Slain by a gnoll shaman
             ... wielding a +0 short sword of venom
              (3 damage)
             ... on level 2 of the Dungeon.
             The game lasted 00:04:18 (1603 turns).

Matador8 the Charmwright (Draconian Skald)          Turns: 1603, Time: 00:04:18

Health: -2/36      AC:  5    Str: 13    XL:     4   Next: 11%
Magic:  6/7        EV: 12    Int: 14    God:
Gold:   47         SH:  0    Dex: 11    Spells: 4/7 levels left

rFire    . . .     SeeInvis .   a - +0 falchion
rCold    . . .     Gourm    .   (no shield)
rNeg     . . .     Faith    .   (armour unavailable)
rPois    .         Spirit   .   (helmet restricted)
rElec    .         Reflect  .   (no cloak)
rCorr    .         Harm     .   (no gloves)
MR       .....                  (no boots)
Stlth    +.........             (no amulet)
HPRegen  0.12/turn              (no ring)
MPRegen  0.10/turn              (no ring)

@: lethally poisoned (-2 -> -13), shrouded (expiring)
A: unfitting armour, cold-blooded, AC +5
a: no special abilities


You were on level 2 of the Dungeon.
You were hungry.

You visited 1 branch of the dungeon, and saw 2 of its levels.

You collected 47 gold pieces.

Inventory:

Hand Weapons
 a - a +0 falchion (weapon)
 g - a +1 vampiric whip
Missiles
 i - 2 needles of frenzy
Scrolls
 b - a scroll of enchant weapon {unknown}
 d - 2 scrolls of identify {unknown}
 e - 2 scrolls of fear {unknown}
 f - a scroll of fog {unknown}
 j - a scroll of blinking {unknown}
 k - a scroll of magic mapping {unknown}
Potions
 h - a potion of ambrosia {unknown}
Comestibles
 c - 4 rations
 l - 5 chunks of flesh


   Skills:
 - Level 2.1 Fighting
 - Level 2.5 Long Blades
 + Level 1.9 Maces & Flails
 - Level 2.1 Dodging
 - Level 2.0 Spellcasting
 + Level 3.7 Charms


You had 4 spell levels left.
You knew the following spells:

 Your Spells              Type           Power        Failure   Level  Hunger
a - Infusion              Chrm           ##..         4%          1    ##.....
b - Shroud of Golubria    Chrm/Tloc      #.........   17%         2    ###....

Your spell library contained the following spells:

 Spells                   Type           Power        Failure   Level  Hunger
 Song of Slaying          Chrm           ##......     8%          2    ###....
 Regeneration             Chrm/Necr      #.........   32%         3    ####...
 Spectral Weapon          Hex/Chrm       #.......     32%         3    ####...


Dungeon Overview and Level Annotations

Branches:
Dungeon (2/15)

Altars:
Fedhas


Innate Abilities, Weirdness & Mutations

Your plain brown scales are hard. (AC +5)
You cannot fit into any form of body armour.
You are cold-blooded and may be slowed by cold attacks.


Message History

The gnoll shaman hits you with a +0 short sword of venom!
You are lethally poisoned!
You hit the gnoll shaman but do no damage.
The gnoll shaman is lightly wounded.
You feel sick.
You feel sick. The gnoll hits you with a +0 whip!
* * * LOW HITPOINT WARNING * * *
The gnoll shaman closely misses you.
You completely miss the gnoll shaman. You tail-slap the gnoll shaman.
The gnoll shaman is lightly wounded.
Your shroud begins to fray at the edges.
* * * LOW HITPOINT WARNING * * *
You feel sick. The gnoll shaman misses you.
You riposte.
You barely miss the gnoll shaman.
The gnoll shaman is lightly wounded.
The gnoll barely misses you.
* * * LOW HITPOINT WARNING * * *
You feel sick.
The gnoll shaman hits you with a +0 short sword of venom.
You die...

#.# . #.# .# #g## ..#
#### #..##.... ...#
#g....... ##.#
#........ #.#
#.#######.###.... #.#
#....g.g..# ...
##.##### #####@#####
# .......# #........#
##.###.# #.##.#...#
##.# #.# #.##..###.#
##.###.# #.##..# #
##(....# #)###.#
.......# #.# #..
#(..##.######.#...#.
.....................


You could see a gnoll shaman and a gnoll.

Vanquished Creatures
  A gnoll (D:2)
  4 adders (D:2)
  A dart slug (D:2)
  A leopard gecko (D:2)
  2 bats (D:1)
  A giant cockroach (D:1)
  4 goblins
  4 hobgoblins
  5 kobolds (D:1)
  2 frilled lizards (D:1)
  4 rats
29 creatures vanquished.

Notes
Turn   | Place    | Note
-------+----------+-------------------------------------------
     0 | D:1      | Matador8 the Draconian Skald began the quest for the Orb.
     0 | D:1      | Reached XP level 1. HP: 17/17 MP: 3/3
   221 | D:1      | Reached skill level 3 in Charms
   224 | D:1      | Reached XP level 2. HP: 19/24 MP: 5/5
  1034 | D:2      | Reached XP level 3. HP: 23/29 MP: 6/6
  1037 | D:2      | Reached skill level 1 in Maces & Flails
  1401 | D:2      | Learned a level 2 spell: Shroud of Golubria
  1403 | D:2      | Found a blossoming altar of Fedhas.
  1571 | D:2      | Reached XP level 4. HP: 21/36 MP: 5/7
  1603 | D:2      | HP: 1/36 [poisoned by a gnoll shaman]
  1603 | D:2      | Slain by a gnoll shaman

Vault maps used:
D:1:      dpeg_arrival_long_road
D:2:      fedhas_altar_3, tso_altar, solitary_fountain

Skill      XL: |  1  2  3 |
---------------+----------+-----
Charms         | 3 |  3.7
Maces & Flails | 1 |  1.9
Fighting       | |  2.1
Long Blades    | |  2.5
Dodging        | |  2.1
Spellcasting   | |  2.0

Action                   |  1- 3 |  4- 6 || total
-------------------------+-------+-------++-------
Melee: Falchion          |   101 |     6 ||   107
       Tailslap          |    10 |     2 ||    12
 Cast: Shroud of Golubri |     1 |     1 ||     2
       Infusion          |     1 |       ||     1
 Stab: Sleeping          |     2 |       ||     2
  Eat: Chunk             |     2 |       ||     2
Armor: Skin              |    22 |       ||    22
Dodge: Dodged            |    65 |     4 ||    69
       Rpst.: Falchion   |    25 |     1 ||    26

Table legend:
 A = Non-vault XP
 B = Vault XP
 C = Vault XP percentage of total XP
 D = Non-vault monster count
 E = Vault monster count
 F = Vault count percentage of total count
                 A         B        C        D         E       F
            +---------+---------+-------+---------+---------+-------
      Total |     108 |       0 |   0.0 |      29 |       0 |   0.0
            +---------+---------+-------+---------+---------+-------
        D:1 |      24 |       0 |   0.0 |      16 |       0 |   0.0
        D:2 |      84 |       0 |   0.0 |      13 |       0 |   0.0
            +---------+---------+-------+---------+---------+-------
